cohdb
Replays
Latest Replays
All Replays
Popular Replays
Top Player Replays
Match Explorer
How It Works
Community
CoH3 Stats
Reddit
Sign in to upload your games and track your stats! →
Sign in with Steam
Match 25495221
Unlisted
Match 25495221
Overview
Messages
Build Orders
End
Kradschützen Motorcycle Team
Panzergrenadier Squad
Selects Battlefield Espionage Battlegroup
Selects Sector Subterfuge Beacon
Panzergrenadier Squad
Construct Light Support Kompanie
MG34 Team
Selects Plunder
Construct Mechanized Kompanie
Panzerjäger Mechanized Group
8 Rad Armored Car
Support Armor Elements
StuG III D Assault Gun
StuG III D Assault Gun
Panzergrenadier Squad
StonedAssassin
Mr. Meist
DelForelle
ConcernedApe
0
0
Comments
sign in to comment!
No comments posted yet!